 Dungeon Crawl Stone Soup version 0.30-a0-782-ge64f9170bb (webtiles) character file.

Game seed: 11967529431433598978

296 Leeroy the Slasher (level 6, 0/30 HPs)
             Began as a Vine Stalker Warper on Feb 22, 2023.
             Was an Initiate of Wu Jian.
             Slain by a gnoll
             ... wielding a +0 halberd
             ... led by a gnoll bouda
              (8 damage)
             ... on level 7 of the Dungeon.
             The game lasted 00:02:52 (2649 turns).

Leeroy the Slasher (Vine Stalker Warper)            Turns: 2649, Time: 00:02:53

Health: 0/30       AC:  3    Str: 14    XL:     6   Next: 34%
Magic:  0/19       EV: 12    Int: 13    God:    Wu Jian [......]
Gold:   112        SH:  0    Dex: 15    Spells: 9/9 levels left

rFire   . . .      SeeInvis .    g - +0 dagger (drain)
rCold   + . .      Faith    .    (no shield)
rNeg    . . .      Spirit   +    q - +0 leather armour {rC+}
rPois   .          Reflect  .    (no helmet)
rElec   .          Harm     .    (no cloak)
rCorr   .          Rampage  .    (no gloves)
Will    .....                    (no boots)
Stlth   +                        e - amulet of magic regeneration
HPRegen 1.05/turn                f - ring of magical power
MPRegen 0.56/turn                (no ring)

@: no status effects
A: fangs 2, regeneration 1, magic shield, antimagic bite, no potion heal 2
a: Renounce Religion


You were on level 7 of the Dungeon.
You worshipped Wu Jian.
Wu Jian was noncommittal.
You visited 2 branches of the dungeon, and saw 6 of its levels.

You collected 112 gold pieces.

Inventory:

Hand Weapons
 a - a +0 falchion
 g - a +0 dagger of draining (weapon)
Missiles
 d - 7 boomerangs of dispersal (quivered)
 s - 2 throwing nets
Armour
 b - a +0 leather armour
 q - a +0 leather armour of cold resistance (worn)
Jewellery
 e - an amulet of magic regeneration (around neck)
 f - a ring of magical power (left hand)
 n - an amulet of magic regeneration
 r - a ring of protection from fire
Scrolls
 c - 2 scrolls of blinking
 h - a scroll of vulnerability {unknown}
 i - 2 scrolls of teleportation {unknown}
 j - a scroll of immolation {unknown}
 k - a scroll of magic mapping {unknown}
 l - a scroll of fog {unknown}
 p - a scroll of identify {unknown}
Potions
 m - a potion of curing {unknown}
 o - a potion of resistance {unknown}


   Skills:
 - Level 1.7 Fighting
 - Level 5.1 Long Blades
 - Level 0.8 Throwing
 - Level 0.7 Armour
 + Level 3.1 Dodging
 - Level 2.1 Spellcasting
 - Level 3.0 Translocations


You had 9 spell levels left.
You didn't know any spells.
Your spell library contained the following spells:

 Spells                   Type           Power      Damage    Failure   Level
 Blink                    Tloc           18%        N/A       14%         2
 Lesser Beckoning         Tloc           18%        N/A       14%         2
 Teleport Other           Tloc           9%         N/A       28%         3
 Sublimation of Blood     Necr           1%         N/A       43%         2
 Vhi's Electric Charge    Tloc/Air       10%        N/A       45%         3
 Manifold Assault         Tloc           9%         N/A       67%         4
 Petrify                  Tmut/Erth      1%         N/A       97%         4
 Irradiate                Conj/Tmut      0%         3d11      100%        5


Dungeon Overview and Level Annotations

Branches:
Dungeon (7/15)             Temple (1/1) D:7

Altars:
Ashenzari
Cheibriados
Elyvilon
Fedhas
Kikubaaqudgha
Makhleb
Nemelex Xobeh
Okawaru
Qazlal
Ru
Sif Muna
Trog
Uskayaw
Wu Jian
Xom
Yredelemnul
Zin

Annotations:
D:2 1 runed translucent door, Crazy Yiuf


Innate Abilities, Weirdness & Mutations

You have extremely sharp teeth.
Your natural rate of healing is unusually fast.
When hurt, damage is shared between your health and your magic reserves.
Your bite disrupts and absorbs the magic of your enemies.
Potions cannot restore your health.


Message History

The gnoll bouda is heavily wounded.
The gnoll hits you from afar with a +0 spear.
The gnoll bouda barely misses you.
You hit the gnoll bouda but do no damage.
You drain the gnoll bouda.
The gnoll bouda is severely wounded.
The gnoll is no longer moving quickly.
The gnoll hits you from afar with a +0 halberd.
You closely miss the gnoll bouda.
You bite the gnoll bouda, but do no damage.
The gnoll bouda is severely wounded.
The gnoll closely misses you. The gnoll bouda barely misses you.
The gnoll hits you from afar with a +0 halberd!
You closely miss the gnoll bouda.
You bite the gnoll bouda, but do no damage.
The gnoll bouda is severely wounded.
You hear the steady creaking of a very distant portcullis.
The gnoll is no longer moving quickly.
The gnoll closely misses you.
The gnoll bouda hits you with a +0 club.
* * * LOW HITPOINT WARNING * * *
The gnoll closely misses you.
You barely miss the gnoll bouda. You punch the gnoll bouda.
You bite the gnoll bouda, but do no damage.
The gnoll bouda is severely wounded.
The gnoll misses you.
The gnoll bouda barks out a call to the hunt!
The gnolls pick up the pace!
The gnoll misses you.
You hit the gnoll bouda. Your bite misses the gnoll bouda.
The gnoll bouda is almost dead.
The gnoll hits you from afar with a +0 spear.
* * * LOW HITPOINT WARNING * * *
The gnoll bouda prays to its god.
The gnoll bouda is healed somewhat.
You hit the gnoll bouda but do no damage.
You drain the gnoll bouda.
You kill the gnoll bouda!
The Council accepts your kill.
The gnoll hits you from afar with a +0 halberd!
You die...

...#.......#....#
.....#.⌠.#.....##
...............####
.####.#.#.....<....
#............#. .###
##.#..........#
.....## #(............
#.hg#####............#
#g)@...............#
######.##..........#
........###........##
.#########..........#
#..........#
#..(.......#
#..........#
#..........#
##........##


You could see a hound and 2 gnolls.

Vanquished Creatures
  Menkaure (D:7)
  A gnoll bouda (D:7)
  Natasha (thrice) (D:2)
  An iguana (D:3)
  A gnoll (D:7)
  An adder (D:2)
  4 worms (D:2)
  4 dart slugs
  8 bats
  3 endoplasms (D:1)
  3 goblins
  5 hobgoblins
  2 quokkas (D:2)
  6 ball pythons
  3 frilled lizards
  3 kobolds
  8 rats
57 creatures vanquished.

Notes
Turn   | Place    | Note
-------+----------+-------------------------------------------
     0 | D:1      | Leeroy the Vine Stalker Warper began the quest for the Orb.
     0 | D:1      | Reached XP level 1. HP: 11/11 MP: 4/4
    51 | D:1      | Reached skill level 2 in Long Blades
   122 | D:1      | Reached XP level 2. HP: 15/15 MP: 3/6
   318 | D:1      | Reached skill level 3 in Long Blades
   323 | D:1      | Noticed a floating eye
   325 | D:1      | Found a faded altar of an unknown god.
   326 | D:1      | Noticed a golden eye
   326 | D:1      | Noticed a floating eye
   326 | D:1      | Noticed a floating eye
   335 | D:1      | Reached XP level 3. HP: 18/18 MP: 7/7
   848 | D:2      | Noticed Natasha
   857 | D:2      | Killed Natasha
   858 | D:2      | Gained mutation: Your natural rate of healing is unusually
                  | fast. [Vine Stalker growth]
   858 | D:2      | Reached XP level 4. HP: 9/23 MP: 3/8
   945 | D:2      | Reached skill level 4 in Long Blades
  1095 | D:2      | Noticed Natasha
  1104 | D:2      | Killed Natasha
  1297 | D:2      | Noticed Natasha
  1308 | D:2      | Killed Natasha
  1309 | D:2      | Reached XP level 5. HP: 13/26 MP: 2/9
  1559 | D:2      | Found a runed translucent door.
  1560 | D:2      | Noticed Crazy Yiuf
  1922 | D:3      | Reached skill level 5 in Long Blades
  2366 | D:3      | You fall into a shaft and drop 3 floors!
  2387 | D:7      | Found a staircase to the Ecumenical Temple.
  2393 | D:7      | Noticed Menkaure
  2404 | D:7      | Killed Menkaure
  2405 | D:7      | Reached XP level 6. HP: 22/30 MP: 10/10
  2419 | Temple   | Entered the Ecumenical Temple
  2521 | Temple   | Became a worshipper of the Wu Jian Council
  2649 | D:7      | Slain by a gnoll

Illustrated notes

Levels and vault maps discovered:
D:1:      eino_arrival_water_cross, layout_rooms,
          hellmonk_ecumenical_altar_watching_god
D:2:      layout_loops_corners, uniq_crazy_yiuf_cottage, uniq_natasha
D:3:      layout_basic, corner_web_ring
D:6:      layout_cave_pods
D:7:      layout_rooms, minmay_temple_entry_sparse_star, enter_bailey_8,
          worms_lemuel, uniq_menkaure
Temple:   minmay_temple_bridge_d

Skill      XL: |  1  2  3  4  5 |
---------------+----------------+-----
Long Blades    | 2 3 4 5 |  5.1
Dodging        | 3 |  3.1
Fighting       | |  1.7
Throwing       | |  0.8
Armour         | |  0.7
Spellcasting   | |  2.1
Translocations | |  3.0

Action                     |  1- 3 |  4- 6 || total
---------------------------+-------+-------++-------
  Melee: Falchion          |    15 |       ||    15
         Bite              |    16 |    31 ||    47
         Dagger            |    75 |   104 ||   179
         Punch             |     1 |     2 ||     3
   Stab: Sleeping          |     2 |       ||     2
 Armour: Leather armour    |    27 |    12 ||    39
  Dodge: Dodged            |    62 |    46 ||   108

Table legend: (Time is in decaauts)
 A = Elapsed time spent in this place.
 B = Non-inter-level travel time spent in this place.
 C = Inter-level travel time spent in this place.
 D = Time resting spent in this place.
 E = Time spent auto-exploring this place.
 F = Levels seen in this place.
 G = Mean time per level.
                   A        B        C        D        E       F      G
               +--------+--------+--------+--------+--------+-----+--------+
         Total |   2644 |   2433 |    211 |      0 |   1949 |   6 |  440.7 |
       Dungeon |   2470 |   2363 |    107 |      0 |   1887 |   5 |  494.0 |
        Temple |    174 |     70 |    104 |      0 |     62 |   1 |  174.0 |
               +--------+--------+--------+--------+--------+-----+--------+

Top non-repeatable levels by time:
     D:2: 1321 daAuts
     D:1: 559 daAuts
     D:3: 486 daAuts
  Temple: 174 daAuts
     D:7: 82 daAuts
     D:6: 20 daAuts
